 Dungeon Crawl Stone Soup version 0.31-a0-7-g5178367 (webtiles) character file.

Game seed: 4151091287773726636

294 Nithhogg the Trooper (level 6, -5/56 HPs)
             Began as a Hill Orc Fighter on May 5, 2023.
             Was an Initiate of the Shining One.
             Slain by an ogre
             ... wielding a +0 giant club
              (27 damage)
             ... on level 4 of the Dungeon.
             The game lasted 00:05:24 (3629 turns).

Nithhogg the Trooper (Hill Orc Fighter)             Turns: 3629, Time: 00:05:24

Health: -5/56      AC:  8    Str: 21    XL:     6   Next: 33%
Magic:  8/8        EV:  9    Int:  8    God:    the Shining One [......]
Gold:   234        SH:  0    Dex: 10    Spells: 5/5 levels left

rFire   . . .        o - +4 trident
rCold   . . .        (no shield)
rNeg    . . .        b - +1 scale mail
rPois   .            (no helmet)
rElec   .            (no cloak)
rCorr   .            (no gloves)
SInv    .            (no boots)
Will    .....        (no amulet) Stlth
                     (no ring)
HPRegen 0.29/turn    (no ring)
MPRegen 0.11/turn

%: no passive effects
@: glowing
A: no striking features
a: Renounce Religion


You were on level 4 of the Dungeon.
You worshipped the Shining One.
The Shining One was noncommittal.
You visited 2 branches of the dungeon, and saw 6 of its levels.

You collected 234 gold pieces.

Inventory:

Hand Weapons
 a - a +0 war axe of draining
 o - a +4 trident (weapon)
Missiles
 f - 10 poisoned darts (quivered)
Armour
 b - a +1 scale mail (worn)
 c - a +0 buckler
Wands
 p - a wand of roots (7)
Scrolls
 h - a scroll of magic mapping
 i - a scroll of identify
 m - a scroll of amnesia
 n - a scroll of teleportation
 q - a scroll of immolation
 r - 2 scrolls of fear {unknown}
 s - a scroll of brand weapon
Potions
 d - a potion of might
 e - 2 potions of curing {unknown}
 g - a potion of magic {unknown}
 j - 2 potions of heal wounds {unknown}
 k - a potion of mutation {unknown}
 l - a potion of berserk rage {unknown}
 t - a potion of haste {unknown}
 u - a potion of resistance {unknown}


   Skills:
 + Level 5.1 Fighting
 + Level 4.9 Axes
 + Level 4.7 Armour
 - Level 3.2 Shields
 + Level 3.6 Invocations


You had 5 spell levels left.
You didn't know any spells.
Your spell library contained the following spells:

 Spells                   Type           Power      Damage    Failure   Level
 Summon Small Mammal      Summ           0%         N/A       75%         1
 Lesser Beckoning         Tloc           0%         N/A       86%         2
 Call Canine Familiar     Summ           0%         N/A       98%         3
 Gell's Gravitas          Tloc           0%         N/A       98%         3
 Ozocubu's Armour         Ice            0%         N/A       98%         3
 Summon Guardian Golem    Hex/Summ       0%         N/A       98%         3
 Teleport Other           Tloc           0%         N/A       98%         3
 Ozocubu's Refrigeration  Ice            0%         4d7       100%        7


Dungeon Overview and Level Annotations

Branches:
Dungeon (5/15)             Temple (1/1) D:4

Altars:
Ashenzari
Cheibriados
Okawaru
Sif Muna
Vehumet
The Shining One

Shops:
D:2 :


Message History

Pain shoots through your body! The shadow imp hits you.
You climb upwards.
There is a stone staircase leading down here.
You puncture the shadow imp!
The shadow imp is severely wounded.
The shadow imp hits you.
You barely miss the shadow imp.
The shadow imp is severely wounded.
The shadow imp barely misses you.
You puncture the shadow imp!
You kill the shadow imp!
The Shining One accepts your kill.
No target in view!
No target in view!
No target in view!
No target in view!
No target in view!
No target in view!
No target in view!
No target in view!
No target in view!
No target in view!
No target in view!
No target in view!
You climb downwards.
The iguana barely misses you.
There is a stone staircase leading up here.
You puncture the iguana!
The iguana is moderately wounded.
The white imp shouts, "Fly, thou bootless ditch-delivered giglet!"
The white imp gestures at you. The puff of frost hits you!
The iguana bites you! The ogre hits you but does no damage.
The iguana bites you!
You climb upwards.
There is a stone staircase leading down here.
You hit the iguana.
The iguana is heavily wounded.
The iguana bites you!
The ogre hits you with a +0 giant club!!
You die...

##'#######.##########.#......
#.# #.# #.#...... #.#######.#
#.#...... #.......#.#
########.#...... #######.#.#
#...............
#.#.###.######.#......
###########.#.##..# #.#.#####
#...........#.#Ol## #.#.#
#.#########.#.#@..# #.#.# #.#
#.#.#.#.# #.#.#
#.###########.#.#.# #.#.# ###
#.............#.#.# #.#.# #..
##...##########.#.# #.#.# #.#
#...# #.#.# #.#.# #.# #...#
#.#.# #.#.# #.# #...# #.#.#
###.#.###.# ##### #.#.#
#...#......


You could see an ogre and an iguana.

Vanquished Creatures
  A scorpion (D:3)
  An orc priest (D:4)
  A sleepcap (D:4)
  2 orc wizards (D:3)
  3 adders
  A shadow imp (D:4)
  An ufetubus (D:4)
  3 worms
  2 dart slugs
  9 orcs (D:3)
  4 bats
  9 endoplasms
  2 giant cockroaches
  4 goblins
  7 hobgoblins
  4 jackals (D:1)
  2 quokkas
  5 ball pythons
  6 frilled lizards
  3 kobolds
  4 rats
74 creatures vanquished.

Vanquished Creatures (others)
  A plant (D:1)
1 creature vanquished.

Grand Total: 75 creatures vanquished

Notes
Turn   | Place    | Note
-------+----------+-------------------------------------------
     0 | D:1      | Nithhogg the Hill Orc Fighter began the quest for the Orb.
     0 | D:1      | Reached XP level 1. HP: 19/19 MP: 1/1
   144 | D:1      | Reached XP level 2. HP: 18/27 MP: 2/2
   146 | D:1      | Reached skill level 1 in Invocations
   424 | D:1      | Reached skill level 4 in Fighting
   451 | D:1      | Reached XP level 3. HP: 33/33 MP: 4/4
   762 | D:2      | Found Agui's Book Boutique.
  1550 | D:3      | Found a radiant altar of Vehumet.
  1652 | D:3      | Reached XP level 4. HP: 17/40 MP: 5/5
  2125 | D:3      | Noticed a scorpion
  2131 | D:3      | Killed a scorpion
  2132 | D:3      | Reached XP level 5. HP: 27/47 MP: 5/7
  2382 | D:3      | Found a shimmering blue altar of Sif Muna.
  2746 | D:4      | Found a staircase to the Ecumenical Temple.
  2755 | D:4      | Reached skill level 5 in Fighting
  2755 | D:4      | Reached XP level 6. HP: 20/56 MP: 8/8
  2760 | Temple   | Entered the Ecumenical Temple
  2766 | Temple   | Became a worshipper of the Shining One
  3617 | D:5      | Entered Level 5 of the Dungeon
  3629 | D:4      | Slain by an ogre

Illustrated notes

Levels and vault maps discovered:
D:1:      giann_bridges, layout_loops_ring
D:2:      layout_loops_ring, serial_shops, nicolae_shop_window_shopping,
          chequers_mini_garden, serial_bayou_pond_d
D:3:      layout_basic, nicolae_overflow_hidden_temple,
          mainiacjoe_overflow_catwalk, grunt_ministairs_9, minivault_11
D:4:      layout_basic, minmay_temple_entry_proselytizer
D:5:      layout_rooms, serial_demonic, serial_demonic_b, serial_demonic_e,
          serial_demonic_c, serial_demonic_b, serial_demonic_b,
          serial_demonic_b, serial_demonic_a, uniq_ijyb, uniq_sigmund,
          uniq_grinder
Temple:   eino_wide_crystal_templ

Skill      XL: |  1  2  3  4  5 |
---------------+----------------+-----
Axes           | 3 4 |  4.9
Invocations    | 1 2 3 |  3.6
Fighting       | 4 5 |  5.1
Armour         | 4 |  4.7
Shields        | |  3.2

Action                     |  1- 3 |  4- 6 || total
---------------------------+-------+-------++-------
  Melee: War axe           |   115 |    13 ||   128
         Trident           |       |    65 ||    65
         Punch             |       |     1 ||     1
    Use: Scroll            |     8 |     3 ||    11
 Armour: Scale mail        |    41 |    41 ||    82
  Dodge: Dodged            |    57 |    32 ||    89

Table legend: (Time is in decaauts)
 A = Elapsed time spent in this place.
 B = Non-inter-level travel time spent in this place.
 C = Inter-level travel time spent in this place.
 D = Time resting spent in this place.
 E = Time spent auto-exploring this place.
 F = Levels seen in this place.
 G = Mean time per level.
                   A        B        C        D        E       F      G
               +--------+--------+--------+--------+--------+-----+--------+
         Total |   3684 |   3633 |     51 |    196 |   2892 |   6 |  614.0 |
       Dungeon |   3671 |   3626 |     45 |    196 |   2892 |   5 |  734.2 |
        Temple |     12 |      6 |      6 |      0 |      0 |   1 |   12.0 |
               +--------+--------+--------+--------+--------+-----+--------+

Top non-repeatable levels by time:
     D:3: 1209 daAuts
     D:4: 891 daAuts
     D:2: 867 daAuts
     D:1: 696 daAuts
  Temple: 12 daAuts
     D:5: 6 daAuts
